 Dungeon Crawl Stone Soup version 0.31.0-12-g77e489cdc1 (webtiles) character file.

Game seed: 2019302605582838674

62 firemarshallily the Ducker (level 4, 0/38 HPs)
             Began as a Gnoll Gladiator on Feb 23, 2024.
             Slain by Sigmund
             ... wielding a +0 scythe
              (7 damage)
             ... on level 2 of the Dungeon.
             The game lasted 00:02:19 (473 turns).

firemarshallily the Ducker (Gnoll Gladiator)         Turns: 473, Time: 00:02:20

Health: 0/38       AC:  5    Str: 16    XL:     4   Next: 8%
Magic:  5/5        EV: 15    Int:  7    God:
Gold:   61         SH:  0    Dex: 19    Spells: 5/5 levels left

rFire   + . .        a - +0 war axe
rCold   + . .        (no shield)
rNeg    . . .        b - +0 leather armour
rPois   +            c - +0 helmet
rElec   +            (no cloak)
rCorr   +            (no gloves)
SInv    .            g - +0 pair of boots
Will    .....        (no amulet)
Stlth   ++           f - +6 ring of dexterity
HPRegen 0.26/turn    (no ring)
MPRegen 0.09/turn

%: no passive effects
@: brilliant, resistant
A: fangs 1, strong nose, distributed training
a: no special abilities


You were on level 2 of the Dungeon.
You visited 1 branch of the dungeon, and saw 2 of its levels.

You collected 61 gold pieces.

Inventory:

Hand Weapons
 a - a +0 war axe (weapon)
Missiles
 d - 2 throwing nets (quivered)
Armour
 b - a +0 leather armour (worn)
 c - a +0 helmet (worn)
 g - a +0 pair of boots (worn)
Jewellery
 f - a +6 ring of dexterity (left hand)
 j - a ring of fire
Scrolls
 m - a scroll of teleportation


   Skills:
 + Level 4.6 Fighting
 + Level 1.0 Short Blades
 + Level 1.0 Long Blades
 + Level 6.6 Axes
 + Level 1.0 Maces & Flails
 + Level 1.0 Polearms
 + Level 1.0 Staves
 + Level 1.0 Ranged Weapons
 + Level 4.6 Throwing
 + Level 1.0 Armour
 + Level 6.6 Dodging
 + Level 1.0 Stealth
 + Level 1.0 Shields
 + Level 1.0 Unarmed Combat
 + Level 1.0 Spellcasting
 + Level 0.8 Conjurations
 + Level 0.8 Hexes
 + Level 0.8 Summonings
 + Level 0.8 Necromancy
 + Level 0.8 Translocations
 + Level 0.8 Fire Magic
 + Level 0.8 Ice Magic
 + Level 0.8 Air Magic
 + Level 0.8 Earth Magic
 + Level 0.8 Alchemy
 + Level 1.1 Invocations
 + Level 1.0 Evocations
 + Level 1.0 Shapeshifting


You had 5 spell levels left.
You didn't know any spells.
Your spell library was empty.

Dungeon Overview and Level Annotations

Branches:
Dungeon (2/15)

Altars:
Fedhas

Annotations:
D:2 Sigmund


Innate Abilities, Weirdness & Mutations

You have very sharp teeth.
Your uncanny sense of smell can sniff out nearby items.
Your experience applies equally to all skills.


Message History

Your Shields skill increases to level 1!
Your Unarmed Combat skill increases to level 1!
Your Spellcasting skill increases to level 1!
Your Evocations skill increases to level 1!
Your Shapeshifting skill increases to level 1!
You have reached level 4!
You feel stronger. Sigmund hits you with a +0 scythe!
You hit Sigmund. Your bite misses Sigmund.
Sigmund is lightly wounded.
Sigmund mumbles some strange words.
Sigmund flickers and vanishes!
Deactivating autopickup; reactivate with Ctrl-A.
It was a potion of resistance.
You feel protected. Something hits you.
It was a potion of brilliance.
You feel clever all of a sudden.
As you read the scroll labelled DUEPNEAWNI, it crumbles to dust.
Your body is wracked with pain!
* * * LOW HITPOINT WARNING * * *
Something is bathed in an unholy light!
The orc convulses! x3
It was a scroll of torment.
Something hits you.
* * * LOW HITPOINT WARNING * * *
The orc throws a boomerang.
The boomerang hits you but does no damage.
As you read the scroll labelled VIAHUAXAIG, it crumbles to dust.
It is a scroll of identify.
m - a scroll of teleportation You hear some strange, mumbled words.
A magic dart appears from out of thin air!
The magic dart hits you but does no damage.
Okay, then.
Throw: 3 throwing nets
Press: ? - help, Q - select action Shift-Dir - straight line, f - orc, p - orc
Aim: an orc, wielding a +0 club and quivering boomerangs (moderately wounded, 63% to hit)
You throw a throwing net. The throwing net barely misses the orc.
The throwing net closely misses the orc.
Something hits you!
You die...

#.# #.# #.#
##### #.#
#...###.### #.#
#..........
##.###..<###...
#...............
#.).....########
#@####..#
######{# #..#
#....oo# #..#
......roo# #..#
##.._....# #..#
#........ #..#
#.....(...
##...)(<..# ∆
###.....##


You could see 4 orcs and a quokka.

Vanquished Creatures
  Terence (D:2)
  3 dart slugs (D:1)
  3 ball pythons (D:1)
  2 bats (D:1)
  5 endoplasms (D:1)
  A giant cockroach (D:1)
  2 goblins (D:1)
  2 hobgoblins (D:1)
  7 kobolds (D:1)
  3 frilled lizards (D:1)
  A rat (D:1)
30 creatures vanquished.

Notes
Turn   | Place    | Note
-------+----------+-------------------------------------------
     0 | D:1      | firemarshallily the Gnoll Gladiator began the quest for the
                  | Orb.
     0 | D:1      | Reached XP level 1. HP: 20/20 MP: 1/1
    43 | D:1      | Reached XP level 2. HP: 25/26 MP: 2/2
   223 | D:1      | Reached XP level 3. HP: 31/31 MP: 3/3
   358 | D:1      | Reached skill level 1 in Invocations
   450 | D:2      | Found a blossoming altar of Fedhas.
   456 | D:2      | Noticed Sigmund
   456 | D:2      | Noticed Terence
   466 | D:2      | Killed Terence
   467 | D:2      | Reached skill level 1 in Short Blades
   467 | D:2      | Reached skill level 1 in Long Blades
   467 | D:2      | Reached skill level 1 in Maces & Flails
   467 | D:2      | Reached skill level 1 in Polearms
   467 | D:2      | Reached skill level 1 in Staves
   467 | D:2      | Reached skill level 1 in Ranged Weapons
   467 | D:2      | Reached skill level 1 in Armour
   467 | D:2      | Reached skill level 1 in Stealth
   467 | D:2      | Reached skill level 1 in Shields
   467 | D:2      | Reached skill level 1 in Unarmed Combat
   467 | D:2      | Reached skill level 1 in Spellcasting
   467 | D:2      | Reached skill level 1 in Evocations
   467 | D:2      | Reached skill level 1 in Shapeshifting
   467 | D:2      | Reached XP level 4. HP: 31/38 MP: 5/5
   473 | D:2      | Slain by Sigmund

Illustrated notes

Levels and vault maps discovered:
D:1:      sevenhm_arrival_forest_fort_small_4, layout_rooms
D:2:      layout_loops_ring, basic_altar, kennysheep_generic_room_12,
          uniq_sigmund, uniq_jessica, uniq_crazy_yiuf_cottage, uniq_terence

Skill      XL: |  1  2  3 |
---------------+----------+-----
Invocations    | 1 |  1.1
Short Blades   | 1 |  1.0
Long Blades    | 1 |  1.0
Maces & Flails | 1 |  1.0
Polearms       | 1 |  1.0
Staves         | 1 |  1.0
Ranged Weapons | 1 |  1.0
Armour         | 1 |  1.0
Stealth        | 1 |  1.0
Shields        | 1 |  1.0
Unarmed Combat | 1 |  1.0
Spellcasting   | 1 |  1.0
Evocations     | 1 |  1.0
Shapeshifting  | 1 |  1.0
Fighting       | |  4.6
Axes           | |  6.6
Throwing       | |  4.6
Dodging        | |  6.6
Conjurations   | |  0.8
Hexes          | |  0.8
Summonings     | |  0.8
Necromancy     | |  0.8
Translocations | |  0.8
Fire Magic     | |  0.8
Ice Magic      | |  0.8
Air Magic      | |  0.8
Earth Magic    | |  0.8
Alchemy        | |  0.8

Action                     |  1- 3 |  4- 6 || total
---------------------------+-------+-------++-------
  Melee: War axe           |    81 |     1 ||    82
         Bite              |     9 |       ||     9
         Punch             |     2 |       ||     2
  Throw: Javelin           |     1 |       ||     1
         Throwing net      |       |     1 ||     1
    Use: Scroll            |       |     2 ||     2
         Potion            |       |     2 ||     2
   Stab: Sleeping          |     2 |       ||     2
 Armour: Leather armour    |    26 |     6 ||    32
  Dodge: Dodged            |    65 |       ||    65
